 Dungeon Crawl Stone Soup version 0.24-a0-479-g9a978d2894 (webtiles) character file.

Game seed: 1246173025057696883

134 Elric the Insei (level 5, 0/40 HPs)
             Began as a Gnoll Transmuter on July 6, 2019.
             Succumbed to Terence's poison
             ... on level 2 of the Dungeon.
             The game lasted 00:03:51 (2104 turns).

Elric the Insei (Gnoll Transmuter)                  Turns: 2104, Time: 00:03:52

Health: 0/40       AC:  3    Str: 15    XL:     5   Next: 17%
Magic:  7/12       EV: 15    Int: 19    God:
Gold:   240        SH:  0    Dex: 19    Spells: 11/14 levels left

rFire    . . .     SeeInvis .     - Unarmed
rCold    . . .     Gourm    .   (no shield)
rNeg     . . .     Faith    .   b - +1 robe
rPois    .         Spirit   .   (no helmet)
rElec    .         Reflect  .   n - scarf {repulsion}
rCorr    .         Harm     .   (no gloves)
MR       .....                  (no boots)
Stlth    ++........             (no amulet)
HPRegen  0.13/turn              l - +3 ring of strength
MPRegen  0.13/turn              (no ring)

@: lethally poisoned (0 -> -7), appendage (expiring), repel missiles
A: distributed training, fangs 1, horns 2, agile 2, clever 1, strong nose
a: End Transformation


You were on level 2 of the Dungeon.
You were full.
You had grown temporary horns.
You visited 1 branch of the dungeon, and saw 2 of its levels.

You collected 240 gold pieces.

Inventory:

Missiles
 a - 36 arrows
Armour
 b - a +1 robe (worn)
 n - a scarf of repulsion (worn)
Jewellery
 l - a +3 ring of strength (left hand)
Scrolls
 c - a scroll of fog
 f - 2 scrolls of teleportation
 o - a scroll of amnesia
Comestibles
 d - 4 rations


   Skills:
 + Level 2.9 Fighting
 + Level 1.3 Short Blades
 + Level 1.3 Long Blades
 + Level 1.3 Axes
 + Level 1.3 Maces & Flails
 + Level 1.3 Polearms
 + Level 1.3 Staves
 + Level 1.3 Slings
 + Level 1.3 Bows
 + Level 1.3 Crossbows
 + Level 1.3 Throwing
 + Level 1.3 Armour
 + Level 4.7 Dodging
 + Level 1.3 Stealth
 + Level 1.3 Shields
 + Level 6.6 Unarmed Combat
 + Level 5.1 Spellcasting
 + Level 1.1 Conjurations
 + Level 1.1 Hexes
 + Level 1.1 Charms
 + Level 1.1 Summonings
 + Level 1.1 Necromancy
 + Level 1.1 Translocations
 + Level 3.9 Transmutations
 + Level 1.1 Fire Magic
 + Level 1.1 Ice Magic
 + Level 1.1 Air Magic
 + Level 1.1 Earth Magic
 + Level 1.1 Poison Magic
 + Level 1.5 Invocations
 + Level 1.3 Evocations


You had 11 spell levels left.
You knew the following spells:

 Your Spells              Type           Power        Failure   Level  Hunger
a - Beastly Appendage     Tmut           ###...       2%          1    None
b - Sticks to Snakes      Tmut           ###.....     3%          2    #......

Your spell library contained the following spells:

 Spells                   Type           Power        Failure   Level  Hunger
 Spider Form              Tmut/Pois      ##........   13%         3    ##.....
 Ice Form                 Ice/Tmut       ##......     41%         4    ####...
 Blade Hands              Tmut           ###.......   56%         5    ######.


Dungeon Overview and Level Annotations

Branches:
Dungeon (2/15)

Altars:


Innate Abilities, Weirdness & Mutations

Your experience applies equally to all skills.
You have very sharp teeth.
Your uncanny sense of smell can sniff out nearby items.
You have a pair of horns on your head.
You are very agile. (Dex +4)
Your mind is acute. (Int +2)


Message History

* * * LOW HITPOINT WARNING * * *
You feel sick.
* * * LOW HITPOINT WARNING * * *
You feel sick.
You aren't carrying any potions.
As you read the scroll labeled LUREAD WIOLAR, it crumbles to dust.
It is a scroll of enchant armour.
Your +0 robe glows green for a moment.
* * * LOW HITPOINT WARNING * * *
You feel sick.
You swap places.
* * * LOW HITPOINT WARNING * * *
You feel sick.
Your magical contamination has completely faded away.
As you read the scroll labeled SAPPAH OWIESCH, it crumbles to dust.
You feel aware of your surroundings.
It was a scroll of magic mapping.
Okay, then.
You aren't carrying any potions.
You eat one of the 5 rations.
That ration really hit the spot!
You die...

#.########### ******* #.#.......#
,,,,,,* #.#.......# ,,,,,,*
#.#.......# ,,,,,<* #.#.......#
*,***** #.'.......#
#.#####################.......###
#$.........)....SS....'.......'..
**##..)...######@.....#.......###
***#....).# #..#.#.#####.###
..........#** #..#.#....##.#
.##.........* #....####.##.#
,*#.#####.#.####...#####.##.#####
,#..,,,,#>.......................
,#.,**,,#.#.####)..#####.##......
,.,,**,*#.#..............########
***,**,*#........###...........##


You could see 2 friendly ball pythons.

Vanquished Creatures
  Jessica (D:2)
  Terence (D:2)
  Robin (D:2)
  2 adders (D:2)
  4 dart slugs (D:1)
  A ball python (D:1)
  A giant cockroach (D:2)
  13 goblins
  7 hobgoblins
  A quokka (D:2)
  8 bats
  3 frilled lizards (D:2)
  A kobold (D:1)
  5 rats
49 creatures vanquished.

Notes
Turn   | Place    | Note
-------+----------+-------------------------------------------
     0 | D:1      | Elric the Gnoll Transmuter began the quest for the Orb.
     0 | D:1      | Reached XP level 1. HP: 17/17 MP: 6/6
   106 | D:1      | Reached XP level 2. HP: 20/23 MP: 4/7
   619 | D:1      | Reached XP level 3. HP: 27/28 MP: 7/9
   812 | D:2      | Reached skill level 5 in Spellcasting
   834 | D:2      | Reached skill level 1 in Invocations
   996 | D:2      | Reached skill level 1 in Short Blades
   996 | D:2      | Reached skill level 1 in Long Blades
   996 | D:2      | Reached skill level 1 in Axes
   996 | D:2      | Reached skill level 1 in Maces & Flails
   996 | D:2      | Reached skill level 1 in Polearms
   996 | D:2      | Reached skill level 1 in Staves
   996 | D:2      | Reached skill level 1 in Slings
   996 | D:2      | Reached skill level 1 in Bows
   996 | D:2      | Reached skill level 1 in Crossbows
   996 | D:2      | Reached skill level 1 in Throwing
   996 | D:2      | Reached skill level 1 in Armour
   996 | D:2      | Reached skill level 1 in Stealth
   996 | D:2      | Reached skill level 1 in Shields
   996 | D:2      | Reached skill level 1 in Evocations
  1057 | D:2      | Noticed Jessica
  1068 | D:2      | Killed Jessica
  1068 | D:2      | Reached XP level 4. HP: 17/34 MP: 11/11
  1355 | D:2      | Noticed Terence
  1357 | D:2      | Noticed Robin
  1379 | D:2      | Gained mutation: Scrolls take you a little longer to read.
                  | [potion of mutation]
  1379 | D:2      | Gained mutation: You are agile. (Dex +2) [potion of
                  | mutation]
  1405 | D:2      | Killed Robin
  1405 | D:2      | Reached skill level 1 in Conjurations
  1405 | D:2      | Reached skill level 1 in Hexes
  1405 | D:2      | Reached skill level 1 in Charms
  1405 | D:2      | Reached skill level 1 in Summonings
  1405 | D:2      | Reached skill level 1 in Necromancy
  1405 | D:2      | Reached skill level 1 in Translocations
  1405 | D:2      | Reached skill level 1 in Fire Magic
  1405 | D:2      | Reached skill level 1 in Ice Magic
  1405 | D:2      | Reached skill level 1 in Air Magic
  1405 | D:2      | Reached skill level 1 in Earth Magic
  1405 | D:2      | Reached skill level 1 in Poison Magic
  2078 | D:2      | Learned a level 2 spell: Sticks to Snakes
  2088 | D:2      | Killed Terence
  2088 | D:2      | Reached XP level 5. HP: 20/40 MP: 5/12
  2089 | D:2      | Lost mutation: Scrolls take you a little longer to read.
                  | [potion of mutation]
  2089 | D:2      | Gained mutation: Your mind is acute. (Int +2) [potion of
                  | mutation]
  2089 | D:2      | Gained mutation: You are very agile. (Dex +4) [potion of
                  | mutation]
  2101 | D:2      | HP: 2/40 [poisoned by Terence]
  2104 | D:2      | Succumbed to Terence's poison

Levels and vault maps discovered:
D:1:      lemuel_arrival_behind_the_door_small, layout_basic, serial_glass,
          glass_columns_b, glass_columns_c, minmay_tall_x
D:2:      layout_basic, uniq_jessica, uniq_robin, uniq_terence

Skill      XL: |  1  2  3  4 |
---------------+-------------+-----
Spellcasting   | 5 |  5.1
Invocations    | 1 |  1.5
Short Blades   | 1 |  1.3
Long Blades    | 1 |  1.3
Axes           | 1 |  1.3
Maces & Flails | 1 |  1.3
Polearms       | 1 |  1.3
Staves         | 1 |  1.3
Slings         | 1 |  1.3
Bows           | 1 |  1.3
Crossbows      | 1 |  1.3
Throwing       | 1 |  1.3
Armour         | 1 |  1.3
Stealth        | 1 |  1.3
Shields        | 1 |  1.3
Evocations     | 1 |  1.3
Conjurations   | 1 |  1.1
Hexes          | 1 |  1.1
Charms         | 1 |  1.1
Summonings     | 1 |  1.1
Necromancy     | 1 |  1.1
Translocations | 1 |  1.1
Fire Magic     | 1 |  1.1
Ice Magic      | 1 |  1.1
Air Magic      | 1 |  1.1
Earth Magic    | 1 |  1.1
Poison Magic   | 1 |  1.1
Fighting       | |  2.9
Dodging        | |  4.7
Unarmed Combat | |  6.6
Transmutations | |  3.9

Action                   |  1- 3 |  4- 6 || total
-------------------------+-------+-------++-------
Melee: Unarmed           |    68 |    43 ||   111
       Headbutt          |     6 |       ||     6
       Bite              |     4 |     6 ||    10
       Kick              |     9 |     4 ||    13
       Punch             |     1 |       ||     1
 Cast: Beastly Appendage |    21 |     7 ||    28
       Sticks to Snakes  |       |     2 ||     2
  Use: Potion            |       |     6 ||     6
       Scroll            |       |     8 ||     8
 Stab: Sleeping          |     2 |       ||     2
  Eat: Ration            |       |     2 ||     2
       Chunk             |       |     1 ||     1
Armor: Robe              |    19 |     6 ||    25
Dodge: Dodged            |    66 |    24 ||    90

Table legend:
 A = Non-vault XP
 B = Vault XP
 C = Vault XP percentage of total XP
 D = Non-vault monster count
 E = Vault monster count
 F = Vault count percentage of total count
                 A         B        C        D         E       F
            +---------+---------+-------+---------+---------+-------
      Total |      76 |     116 |  60.4 |      32 |      17 |  34.7
            +---------+---------+-------+---------+---------+-------
        D:1 |      25 |       9 |  26.5 |      13 |       4 |  23.5
        D:2 |      51 |     107 |  67.7 |      19 |      13 |  40.6
            +---------+---------+-------+---------+---------+-------
